 Dungeon Crawl Stone Soup version 0.30-a0-394-g3e4acdb0ae (webtiles) character file.

Game seed: 7190040152902755988

14421 qeuew the Protected (level 11, -3/95 HPs)
             Began as a Minotaur Hunter on Dec 6, 2022.
             Was an Elder of Dithmenos.
             Slain by a minotaur
             ... wielding a +1 glaive of flaming
              (8 damage)
             ... in a Gauntlet.
             The game lasted 00:23:22 (8563 turns).

qeuew the Protected (Minotaur Hunter)               Turns: 8563, Time: 00:23:23

Health: -3/95      AC:  8    Str: 17    XL:     11   Next: 88%
Magic:  10/10      EV: 17    Int: 12    God:    Dithmenos [****..]
Gold:   913        SH:  0    Dex: 20    Spells: 10/10 levels left

rFire   . . .      SeeInvis .    y - +4 shortbow (freeze)
rCold   . . .      Faith    .    (shield currently unavailable)
rNeg    . . .      Spirit   .    q - +1 troll leather armour {Pargi}
rPois   .          Reflect  .    (helmet restricted)
rElec   .          Harm     .    v - +0 cloak of the Moon {Int+6 Dex+3}
rCorr   .          Rampage  .    (no gloves)
Will    .....      NoTele   +    (no boots)
Stlth   ++........               (no amulet)
HPRegen 1.15/turn                l - ring of flight
MPRegen 0.12/turn                c - +4 ring of slaying

@: flying, wreathed by umbra, studying 2 skills
A: horns 2, retaliatory headbutt
a: Renounce Religion, Shadow Step


You were in a Gauntlet.
You worshipped Dithmenos.
Dithmenos was greatly pleased with you.
You visited 3 branches of the dungeon, and saw 11 of its levels.
You also visited: Gauntlet.

You collected 1245 gold pieces.
You spent 332 gold pieces at shops.

Inventory:

Hand Weapons
 a - a +1 shortbow
 x - the +4 trident of the Enfolding Augurer {venom, rF++ Dex+2 SInv}
   (You found it on level 6 of the Dungeon)

   It poisons the flesh of those it strikes.
   Dex:       It affects your dexterity (+2).
   rF:        It greatly protects you from fire.
   SInv:      It lets you see invisible.
 y - a +4 shortbow of freezing (weapon)
Armour
 q - a +1 troll leather armour (worn) {Pargi}
 v - the +0 cloak of the Moon (worn) {Int+6 Dex+3}
   (You found it in a Gauntlet)

   Int:       It affects your intelligence (+6).
   Dex:       It affects your dexterity (+3).
Jewellery
 c - a +4 ring of slaying (right hand)
 l - a ring of flight (left hand)
 s - a +6 ring of intelligence
Wands
 m - a wand of polymorph (7)
 n - a wand of digging (5)
 r - a wand of mindburst (16)
 w - a wand of roots (8)
Scrolls
 e - 2 scrolls of fear
 i - 2 scrolls of amnesia
 j - a scroll of teleportation
 u - 2 scrolls of magic mapping
Potions
 b - 4 potions of magic
 d - a potion of resistance
 f - 3 potions of brilliance
 g - a potion of ambrosia
 h - 3 potions of curing
 o - 4 potions of haste
 t - 3 potions of cancellation
 z - 2 potions of might
 A - a potion of berserk rage


   Skills:
 + Level 8.6 Fighting
 - Level 4.8 Long Blades
 - Level 0.7 Maces & Flails
 + Level 5.8 Polearms
 * Level 12.1 Ranged Weapons
 * Level 13.0 Armour
 + Level 8.0 Dodging
 - Level 0.7 Stealth
 + Level 5.8 Evocations


You had 10 spell levels left.
You didn't know any spells.
Your spell library contained the following spells:

 Spells                   Type           Power      Damage    Failure   Level
 Kiss of Death            Conj/Necr      0%         2d5       36%         1
 Blink                    Tloc           0%         N/A       50%         2
 Ensorcelled Hibernation  Hex/Ice        0%         N/A       50%         2
 Momentum Strike          Conj/Tloc      0%         3d8       50%         2
 Passwall                 Tmut/Erth      0%         N/A       50%         2
 Sublimation of Blood     Necr           0%         N/A       50%         2
 Confusing Touch          Hex            0%         N/A       75%         3
 Lesser Beckoning         Tloc           0%         N/A       75%         3
 Swiftness                Air            0%         N/A       75%         3
 Dispel Undead            Necr           0%         3d6       98%         4
 Petrify                  Tmut/Erth      0%         N/A       98%         4
 Irradiate                Conj/Tmut      0%         3d11      100%        5


Dungeon Overview and Level Annotations

Branches:
Dungeon (9/15)             Temple (1/1) D:5            Lair (1/5) D:9
Gauntlet (1/1)
    Orc: D:9-12

Altars:
Ashenzari
Cheibriados
Dithmenos
Elyvilon
Fedhas
Gozag
Hepliaklqana
Kikubaaqudgha
Makhleb
Nemelex Xobeh
Okawaru
Qazlal
Ru
Sif Muna
Trog
Uskayaw
Vehumet
Wu Jian
Xom
Yredelemnul
Zin
The Shining One

Shops:
D:9 [=([!

Annotations:
Gauntlet 6 transporters


Innate Abilities, Weirdness & Mutations

You have a pair of horns on your head.
You reflexively headbutt those who attack you in melee.


Message History

Press: ? - help, Q - select action, (/) - cycle Shift-Dir - straight line, f/p - minotaur
Aim: a minotaur, wielding a +1 glaive of flaming, wearing a +0 plate armour of cold resistance and quivering silver javelins (severely wounded, confused, ally target, umbra, 91% to hit)
You shoot an arrow. The arrow hits the minotaur!
The arrow freezes the minotaur.
The minotaur is severely wounded.
Unknown command.
Your golden eye blinks at the minotaur.
The minotaur resists with almost no effort.
Your golden eye blinks at the minotaur.
The minotaur resists with almost no effort.
The minotaur completely misses you. You furiously retaliate!
You headbutt the minotaur!
The minotaur gores you but does no damage.
Your golden eye blinks at the minotaur.
The minotaur appears confused.
Your golden eye blinks at the minotaur.
The minotaur resists with almost no effort.
Your golden eye blinks at the minotaur.
The minotaur resists with almost no effort.
Your orc wizard completely misses the minotaur.
Your golden eye blinks!
Unknown command.
Fire: y) +4 shortbow (freeze)
Press: ? - help, Q - select action, (/) - cycle Shift-Dir - straight line, f/p - minotaur
Aim: a minotaur, wielding a +1 glaive of flaming, wearing a +0 plate armour of cold resistance and quivering silver javelins (almost dead, confused, ally target, umbra, 91% to hit)
You shoot an arrow.
The arrow hits the minotaur but does no damage.
The minotaur is almost dead.
Your golden eye dissolves into shadows!
Your orc wizard hits the minotaur but does no damage.
Your golden eye blinks at the minotaur.
The minotaur resists with almost no effort.
Your golden eye blinks at the minotaur.
The minotaur resists with almost no effort.
The minotaur hits you with a +1 glaive of flaming!!
* * * LOW HITPOINT WARNING * * *
The minotaur burns you!
* * * LOW HITPOINT WARNING * * *
The minotaur gores you!
You die...

..##w#..≈##... ...
.##.w#..###..#.#..
...ww#..#....#.#.# #####
######..#©...#§..#8.8[8/
........#....###)'...H..
......∩.#....#...#8.8|8/
######..#©...#.#.#######
.....#..#....#.#.....#
.#.#.#..###.GGoH@...8#
.....#..§##..###.##.##
.©.#©#..###.........#
.....#..§##..########
.#.#.#..######
.....#..≈# ######..##
........≈# ........##


You could see a minotaur (confused, ally target), a friendly orc wizard
(summoned, invisible) and 2 friendly golden eyes.

Vanquished Creatures
  The ghost of lokiplouj the Trooper, a novice MiBe of Trog (D:6)
  Pikel (D:5)
  A manticore (D:7)
  A torpor snail (Gauntlet)
  A cane toad (Lair:1)
  8 komodo dragons
  A hellwing (Gauntlet)
  A hornet (D:9)
  3 slime creatures (Gauntlet)
  3 blink frogs (Lair:1)
  A wyvern (D:7)
  15 yaks
  Eustachio (D:5)
  Menkaure (D:5)
  A vampire mosquito (D:6)
  2 acid dragons
  3 water moccasins
  4 ice beasts
  Pargi (D:3)
  2 orc warriors
  A sky beast (D:6)
  5 wolves (Gauntlet)
  4 centaurs
  A phantom (D:4)
  A kobold brigand (D:7)
  4 bullfrogs
  5 scorpions
  15 wights
  8 killer bees
  3 howler monkeys
  5 crimson imps (D:7)
  2 quasits
  6 orc priests
  A hound (D:5)
  A gnoll bouda (D:4)
  3 jellies
  Crazy Yiuf (D:5)
  3 iguanas
  10 orc wizards
  Robin (D:3)
  7 gnolls
  9 adders
  6 shadow imps
  7 white imps
  An ufetubus (D:7)
  4 worms
  2 dart slugs
  29 orcs
  10 ball pythons
  4 bats
  4 endoplasms
  2 giant cockroaches (D:3)
  15 goblins
  21 hobgoblins
  13 jackals
  6 kobolds
  3 quokkas
  6 frilled lizards
  5 rats
286 creatures vanquished.

Vanquished Creatures (collateral kills)
  A reaper (Gauntlet)
  A hellwing (Gauntlet)
  A shadow imp (Gauntlet)
3 creatures vanquished.

Vanquished Creatures (others)
  3 demonic plants (D:4)
  5 fungi (Lair:1)
  5 plants (Lair:1)
  4 withered plants (Gauntlet)
17 creatures vanquished.

Grand Total: 306 creatures vanquished

Notes
Turn   | Place    | Note
-------+----------+-------------------------------------------
     0 | D:1      | qeuew the Minotaur Hunter began the quest for the Orb.
     0 | D:1      | Reached XP level 1. HP: 18/18 MP: 0/0
    85 | D:1      | Reached skill level 1 in Armour
    85 | D:1      | Reached XP level 2. HP: 15/25 MP: 1/1
   358 | D:1      | Reached XP level 3. HP: 30/30 MP: 2/2
   723 | D:2      | Reached skill level 2 in Armour
   756 | D:2      | Reached skill level 5 in Ranged Weapons
   766 | D:2      | Reached XP level 4. HP: 36/38 MP: 3/3
  1670 | D:3      | Reached XP level 5. HP: 45/45 MP: 4/4
  1811 | D:3      | Noticed Robin
  1819 | D:3      | Killed Robin
  1832 | D:3      | Reached skill level 3 in Armour
  2130 | D:3      | Noticed Pargi
  2136 | D:3      | Killed Pargi
  2137 | D:3      | Reached skill level 1 in Long Blades
  2137 | D:3      | Reached XP level 6. HP: 45/52 MP: 5/5
  2241 | D:3      | Found a stormy altar of Qazlal.
  2241 | D:3      | Found a radiant altar of Vehumet.
  2524 | D:4      | Reached skill level 4 in Armour
  2847 | D:4      | Reached skill level 1 in Evocations
  2849 | D:4      | Reached XP level 7. HP: 28/59 MP: 6/6
  3012 | D:4      | Found a hide-covered altar of Uskayaw.
  3031 | D:3      | Found an iron altar of Okawaru.
  3270 | D:5      | Entered Level 5 of the Dungeon
  3304 | D:5      | Noticed Eustachio
  3305 | D:5      | Identified the +3 sling "Newtslayer" {flame, Stlth+}
  3328 | D:5      | Killed Eustachio
  3329 | D:5      | Reached skill level 5 in Armour
  3352 | D:5      | Found a staircase to the Ecumenical Temple.
  3362 | D:5      | Found a white marble altar of Elyvilon.
  3376 | Temple   | Entered the Ecumenical Temple
  3421 | Temple   | Became a worshipper of Dithmenos the Shadowed
  3638 | D:5      | Reached XP level 8. HP: 67/67 MP: 7/7
  3663 | D:5      | Noticed Menkaure
  3680 | D:5      | Killed Menkaure
  3793 | D:5      | Reached skill level 5 in Fighting
  4027 | D:5      | Reached skill level 6 in Armour
  4056 | D:5      | Found a runed translucent door.
  4057 | D:5      | Noticed Crazy Yiuf
  4063 | D:5      | Killed Crazy Yiuf
  4137 | D:6      | Noticed Pikel
  4169 | D:5      | Killed Pikel
  4170 | D:5      | Reached skill level 5 in Dodging
  4173 | D:5      | Reached skill level 7 in Armour
  4173 | D:5      | Reached XP level 9. HP: 44/74 MP: 8/8
  4238 | D:6      | Reached * piety under Dithmenos
  4478 | D:6      | Found a runed translucent door.
  4481 | D:6      | Noticed lokiplouj's ghost (novice MiBe)
  4609 | D:6      | Identified the +4 trident of the Enfolding Augurer {venom,
                  | rF++ Dex+2 SInv}
  4997 | D:6      | Reached skill level 1 in Polearms
  4997 | D:6      | Reached skill level 8 in Armour
  5002 | D:6      | Killed lokiplouj's ghost
  5009 | D:6      | Identified the amulet of Miracles {RegenMP Rampage *Corrode
                  | +Inv rC++}
  5162 | D:7      | Reached XP level 10. HP: 40/84 MP: 9/9
  5196 | D:7      | Reached ** piety under Dithmenos
  5286 | D:7      | Noticed a manticore
  5296 | D:7      | Killed a manticore
  5320 | D:6      | Noticed a rust devil
  5320 | D:6      | Noticed a rust devil
  5392 | D:7      | Reached skill level 9 in Armour
  5935 | D:8      | Reached skill level 10 in Ranged Weapons
  6097 | D:8      | Reached *** piety under Dithmenos
  6247 | D:8      | Reached skill level 10 in Armour
  6814 | D:8      | Identified a scroll of acquirement
  6815 | D:8      | Acquired a manual of Armour
  6932 | D:9      | Found Hagied's Jewellery Shop.
  6948 | D:9      | Found Juish's Antique Armour Boutique.
  6954 | D:9      | Bought a smoking chain mail for 332 gold pieces
  6954 | D:9      | Identified the +1 chain mail of Kaedonynn {rF+} (You bought
                  | it in a shop on level 9 of the Dungeon)
  7041 | D:9      | Found Jecar's Antique Weapon Shop.
  7103 | D:9      | Found Qeggoat's Distillery.
  7141 | D:9      | Found Ugeow's Antique Armour Emporium.
  7252 | D:9      | Reached XP level 11. HP: 92/92 MP: 10/10
  7356 | D:9      | Found a glowing golden altar of the Shining One.
  7623 | D:9      | Reached skill level 5 in Evocations
  7710 | D:9      | Found a staircase to the Lair.
  7720 | D:9      | Reached skill level 11 in Armour
  7745 | Lair:1   | Entered Level 1 of the Lair of Beasts
  7909 | Lair:1   | Reached skill level 5 in Polearms
  7994 | Lair:1   | Reached **** piety under Dithmenos
  7998 | Lair:1   | Reached skill level 12 in Armour
  8093 | Lair:1   | Found a gate leading to a gauntlet.
  8102 | Gauntlet | Entered a Gauntlet
  8102 | Gauntlet | Found a transporter.
  8102 | Gauntlet | Found a transporter.
  8102 | Gauntlet | Found a transporter.
  8103 | Gauntlet | Found a transporter.
  8119 | Gauntlet | Found a transporter.
  8120 | Gauntlet | Found a transporter.
  8126 | Gauntlet | Found a runed translucent gate.
  8126 | Gauntlet | Found a transporter.
  8128 | Gauntlet | Found a runed translucent gate.
  8128 | Gauntlet | Found a transporter.
  8129 | Gauntlet | Found a transporter.
  8129 | Gauntlet | Found a runed translucent gate.
  8131 | Gauntlet | Found a transporter.
  8135 | Gauntlet | Noticed a reaper
  8175 | Gauntlet | Found a transporter.
  8175 | Gauntlet | Found a transporter.
  8374 | Gauntlet | HP: 3/95 [slime creature (15)]
  8461 | Gauntlet | Killed a reaper
  8484 | Gauntlet | Reached skill level 13 in Armour
  8489 | Gauntlet | Identified the +0 cloak of the Moon {Int+6 Dex+3}
  8518 | Gauntlet | Noticed a minotaur
  8563 | Gauntlet | Slain by a minotaur

Illustrated notes

Levels and vault maps discovered:
D:1:      zelgadis_glass_arrival_small, layout_rooms
D:2:      layout_basic, minmay_heptomino_o4
D:3:      layout_loops_cross, nicolae_overflow_hidden_temple, uniq_pargi,
          uniq_robin
D:4:      layout_basic, eat_drink_and_be_merry_uskayaw, serial_demonic,
          serial_demonic_e, serial_demonic_c, serial_demonic_b,
          serial_demonic_e, serial_demonic_b, serial_demonic_f,
          serial_demonic_b, serial_demonic_e
D:5:      layout_basic, elyvilon_altar_4, minmay_temple_entry_steel_oval,
          chequers_serial_rivers_micro_b, uniq_crazy_yiuf_cottage,
          uniq_eustachio, uniq_menkaure
D:6:      cheibrodos_iron_armory, layout_loops_ring, ebering_ghost_inner_flame,
          grunt_ministairs_2, st_stairs_8, uniq_pikel
D:7:      layout_rooms, grunt_ministairs_14, st_stairs_13, grunt_decor_cap,
          minmay_nine_imps
D:8:      layout_basic
D:9:      layout_roguey, mainiacjoe_overflow_alcove_2, erik_lair_dragon,
          serial_shops, nicolae_diamond_shop, nicolae_stop_n_shop_2, shop,
          nicolae_square_shop, nicolae_square_shop, corexii_checkpoint_a
Temple:   nicolae_temple_bog_church
Lair:1:   layout_loops_ring, gauntlet_entry_generic
Gauntlet: minmay_gauntlet_mixed_big_or_small [nicolae_gauntlet_arena_quarters,
          minmay_gauntlet_arena_77_chump_sandwich,
          nicolae_gauntlet_arena_t_cross, minmay_gauntlet_arena_77_run_for_it,
          gammafunk_gauntlet_arena_split_diamond,
          minmay_gauntlet_arena_77_museum,
          nicolae_gauntlet_exit_dead_adventurers]

Skill      XL: |  1  2  3  4  5  6  7  8  9 10 11 |
---------------+----------------------------------+-----
Armour         | 1 2 3 4 5 7 8 10 13 | 13.0
Fighting       | 3 4 5 6 7 8 |  8.6
Ranged Weapons | 5 6 7 8 9 10 12 | 12.1
Dodging        | 3 4 5 6 7 8 |  8.0
Long Blades    | 1 2 3 4 |  4.8
Evocations     | 1 3 4 5 |  5.8
Polearms       | 2 4 5 |  5.8
Maces & Flails | |  0.7
Stealth        | |  0.7

Action                   |  1- 3 |  4- 6 |  7- 9 | 10-12 || total
-------------------------+-------+-------+-------+-------++-------
Melee: Great sword       |       |    33 |    12 |       ||    45
       Headbutt          |       |     7 |     5 |    33 ||    45
       Trident           |       |       |    13 |    96 ||   109
 Fire: Shortbow          |   117 |   146 |    27 |     6 ||   296
       Sling             |       |       |   183 |   326 ||   509
Evoke: Wand              |       |       |     2 |     9 ||    11
  Use: Scroll            |     2 |     8 |     9 |     7 ||    26
       Potion            |       |     5 |     3 |     3 ||    11
 Stab: Petrified         |       |       |       |     5 ||     5
Armor: Leather armour    |    15 |    18 |       |       ||    33
       Troll leather arm |       |    42 |    46 |    27 ||   115
Dodge: Dodged            |    45 |   127 |   114 |   181 ||   467

Table legend: (Time is in decaauts)
 A = Elapsed time spent in this place.
 B = Non-inter-level travel time spent in this place.
 C = Inter-level travel time spent in this place.
 D = Time resting spent in this place.
 E = Time spent auto-exploring this place.
 F = Levels seen in this place.
 G = Mean time per level.
                   A        B        C        D        E       F      G
               +--------+--------+--------+--------+--------+-----+--------+
         Total |   8638 |   8178 |    460 |    130 |   6120 |  12 |  719.8 |
       Dungeon |   7760 |   7363 |    397 |     69 |   5862 |   9 |  862.2 |
        Temple |     65 |      3 |     62 |      0 |      0 |   1 |   65.0 |
          Lair |    349 |    349 |      0 |      0 |    258 |   1 |  349.0 |
      Gauntlet |    463 |    463 |      0 |     61 |      0 |   1 |  463.0 |
               +--------+--------+--------+--------+--------+-----+--------+

Top non-repeatable levels by time:
     D:3: 1050 daAuts
     D:8: 985 daAuts
     D:2: 895 daAuts
     D:9: 889 daAuts
     D:5: 870 daAuts
     D:6: 858 daAuts
     D:7: 804 daAuts
     D:4: 796 daAuts
     D:1: 610 daAuts
Gauntlet: 463 daAuts
  Lair:1: 349 daAuts
  Temple: 65 daAuts
